 Dungeon Crawl Stone Soup version 0.29-a0-284-gf9362112df (webtiles) character file.

Game seed: 12698525290379409451

343 mistaj the Skirmisher (level 6, -1/51 HPs)
             Began as a Demonspawn Monk on Mar 19, 2022.
             Slain by Grinder (4 damage)
             ... on level 4 of the Dungeon.
             The game lasted 00:05:59 (4932 turns).

mistaj the Skirmisher (Demonspawn Monk)             Turns: 4932, Time: 00:05:59

Health: -1/51      AC:  9    Str: 13    XL:     6   Next: 31%
Magic:  6/6        EV:  6    Int: 11    God:
Gold:   214        SH:  0    Dex: 16    Spells: 5/5 levels left

rFire   . . .      SeeInvis .   a - +0 hand axe
rCold   . . .      Faith    .   (no shield)
rNeg    . . .      Spirit   .   o - +0 chain mail
rPois   .          Reflect  .   (no helmet)
rElec   .          Harm     .   (no cloak)
rCorr   .          Rampage  .   (gloves unavailable)
Will    +....                   p - +0 pair of boots
Stlth   ..........              b - amulet of magic regeneration
HPRegen 0.17/turn               n - ring of willpower
MPRegen 0.50/turn               (no ring)

@: no status effects
A: powered by pain 2, demonic touch 3
a: no special abilities


You were on level 4 of the Dungeon.
You visited 1 branch of the dungeon, and saw 4 of its levels.

You collected 214 gold pieces.

Inventory:

Hand Weapons
 a - a +0 hand axe (weapon)
Missiles
 k - 2 javelins (quivered)
Armour
 o - a +0 chain mail (worn)
 p - a +0 pair of boots (worn)
Jewellery
 b - an amulet of magic regeneration (around neck)
 n - a ring of willpower (left hand)
Wands
 t - a wand of iceblast (9)
Scrolls
 e - 2 scrolls of identify {unknown}
 f - 2 scrolls of immolation {unknown}
 h - a scroll of amnesia {unknown}
 i - a scroll of blinking {unknown}
 l - a scroll of teleportation {unknown}
 m - a scroll of vulnerability {unknown}
 q - a scroll of summoning {unknown}
Potions
 c - a potion of ambrosia
 d - 2 potions of flight {unknown}
 g - 2 potions of curing {unknown}
 j - a potion of heal wounds {unknown}
 r - a potion of mutation {unknown}
 s - a potion of cancellation {unknown}
 u - a potion of degeneration {unknown}


   Skills:
 + Level 5.4 Fighting
 + Level 4.9 Axes
 - Level 2.6 Dodging
 - Level 1.7 Stealth


You had 5 spell levels left.
You didn't know any spells.
Your spell library contained the following spells:

 Spells                   Type           Power      Damage    Failure   Level
 Beastly Appendage        Tmut           0%         N/A       100%        1
 Slow                     Hex            0%         N/A       100%        1
 Wereblood                Tmut           0%         N/A       100%        2
 Confusing Touch          Hex            0%         N/A       100%        3
 Gell's Gravitas          Tloc           0%         N/A       100%        3
 Lesser Beckoning         Tloc           0%         N/A       100%        3
 Spider Form              Tmut/Pois      0%         N/A       100%        3
 Teleport Other           Tloc           0%         N/A       100%        3
 Vampiric Draining        Necr           0%         2d6       100%        3


Dungeon Overview and Level Annotations

Branches:
Dungeon (4/15)
 Temple: D:4-7

Altars:

Shops:
D:1 [

Annotations:
D:4 Grinder


Innate Abilities, Weirdness & Mutations

You sometimes gain power by taking damage.
Your touch may irresistibly damage your foes and sap their willpower.


Message History

Grinder is lightly wounded.
Grinder hits you but does no damage.
You closely miss Grinder.
Grinder is lightly wounded.
Grinder blinks!
Grinder says, "DUCK!"
You closely miss Grinder.
You touch Grinder!
You sap her willpower!
Grinder is heavily wounded.
Grinder closely misses you.
You closely miss Grinder.
Grinder is heavily wounded.
Grinder hits you!
You writhe in agony.
Grinder hits you!
You writhe in agony.
You hit Grinder.
Grinder is heavily wounded.
Grinder hits you but does no damage.
You hit Grinder but do no damage.
You touch Grinder.
You sap her willpower!
Grinder is heavily wounded.
Grinder gestures at you. You resist with some effort.
You hit Grinder.
Grinder is severely wounded.
Grinder hits you but does no damage.
You hit Grinder. You punch Grinder, but do no damage.
Grinder is almost dead.
Grinder hits you.
You writhe in agony.
You hit Grinder.
Grinder is almost dead.
Grinder hits you!
* * * LOW HITPOINT WARNING * * *
You writhe in agony.
* * * LOW HITPOINT WARNING * * *
You hit Grinder but do no damage.
Grinder is almost dead.
Grinder hits you but does no damage.
You barely miss Grinder.
Grinder is almost dead.
Grinder hits you.
* * * LOW HITPOINT WARNING * * *
You writhe in agony.
You die...

##<# #.## #.### .#######
##...## .......##
#.....# (....5..##
#....## .........#
#...## .........##
###..##
..........###...@##
..........##....5.##
................#..##
................##..##
................###..###
...........รท....#
###..#########
#...............#
##.........##
##..............#
##.........#
####...........#
##.........


You could see Grinder (weak-willed).

Vanquished Creatures
  A black bear (D:4)
  A hound (D:3)
  A jelly (D:4)
  An iguana (D:4)
  An orc wizard (D:3)
  3 gnolls (D:3)
  5 adders
  2 worms (D:2)
  3 orcs
  6 endoplasms
  4 giant cockroaches
  7 hobgoblins
  A quokka (D:1)
  4 ball pythons
  6 bats
  5 goblins
  5 kobolds
  4 rats
60 creatures vanquished.

Notes
Turn   | Place    | Note
-------+----------+-------------------------------------------
     0 | D:1      | mistaj the Demonspawn Monk began the quest for the Orb.
     0 | D:1      | Reached XP level 1. HP: 18/18 MP: 1/1
   146 | D:1      | Found Kiotani's Armour Shop.
   594 | D:1      | Found a faded altar of an unknown god.
   683 | D:1      | Gained mutation: Your touch may inflict minor irresistible
                  | damage on your foes. [demonic ancestry]
   683 | D:1      | Reached XP level 2. HP: 24/24 MP: 2/2
  1494 | D:2      | Gained mutation: You sometimes gain a little power by
                  | taking damage. [demonic ancestry]
  1494 | D:2      | Reached XP level 3. HP: 29/30 MP: 3/3
  1978 | D:2      | Reached skill level 4 in Fighting
  2066 | D:2      | Gained mutation: Your touch may inflict irresistible damage
                  | on your foes. [demonic ancestry]
  2066 | D:2      | Reached XP level 4. HP: 31/37 MP: 4/4
  2662 | D:4      | Noticed a scorpion
  3198 | D:3      | Gained mutation: You sometimes gain power by taking damage.
                  | [demonic ancestry]
  3198 | D:3      | Reached XP level 5. HP: 31/43 MP: 5/5
  3919 | D:4      | Reached skill level 5 in Fighting
  4267 | D:4      | Noticed a black bear
  4300 | D:4      | Killed a black bear
  4301 | D:4      | Gained mutation: Your touch may irresistibly damage your
                  | foes and sap their willpower. [demonic ancestry]
  4301 | D:4      | Reached XP level 6. HP: 23/51 MP: 6/6
  4706 | D:4      | Noticed Grinder
  4932 | D:4      | Slain by Grinder

Illustrated notes

Levels and vault maps discovered:
D:1:      lemuel_arrival_river_ford, layout_basic, basic_ecumenical_altar,
          serial_shops, shop
D:2:      layout_basic
D:3:      layout_basic
D:4:      layout_cave_pods, uniq_grinder

Skill      XL: |  1  2  3  4  5 |
---------------+----------------+-----
Axes           | 3 4 |  4.9
Fighting       | 4 5 |  5.4
Dodging        | |  2.6
Stealth        | |  1.7

Action                   |  1- 3 |  4- 6 || total
-------------------------+-------+-------++-------
Melee: Hand axe          |    94 |   112 ||   206
       Touch             |    17 |    30 ||    47
       Punch             |       |     1 ||     1
 Stab: Sleeping          |     8 |       ||     8
Armor: Robe              |    11 |       ||    11
       Ring mail         |    24 |       ||    24
       Chain mail        |       |    77 ||    77
Dodge: Dodged            |    41 |    35 ||    76

Table legend: (Time is in decaauts)
 A = Elapsed time spent in this place.
 B = Non-inter-level travel time spent in this place.
 C = Inter-level travel time spent in this place.
 D = Time resting spent in this place.
 E = Time spent auto-exploring this place.
 F = Levels seen in this place.
 G = Mean time per level.
                   A        B        C        D        E       F      G
               +--------+--------+--------+--------+--------+-----+--------+
         Total |   4964 |   4838 |    126 |   2035 |   1983 |   4 | 1241.0 |
       Dungeon |   4964 |   4838 |    126 |   2035 |   1983 |   4 | 1241.0 |
               +--------+--------+--------+--------+--------+-----+--------+

Top non-repeatable levels by time:
     D:3: 1382 daAuts
     D:2: 1362 daAuts
     D:1: 1270 daAuts
     D:4: 949 daAuts
